 Dungeon Crawl Stone Soup version 0.30-a0-634-g8abc85282e (webtiles) character file.

Game seed: 12035898255569463584

12194 Armakuni the Destroyer (level 11, -7/74 HPs)
             Began as a Demigod Conjurer on Jan 14, 2023.
             Mangled by a vampire (10 damage)
             ... on level 11 of the Dungeon.
             The game lasted 00:32:00 (13281 turns).

Armakuni the Destroyer (Demigod Conjurer)          Turns: 13281, Time: 00:32:01

Health: -7/74      AC:  9    Str: 16    XL:     11   Next: 33%
Magic:  18/31      EV: 11    Int: 24    God:
Gold:   527        SH: 11    Dex: 12    Spells: 8/20 levels left

rFire   . . .      SeeInvis .    a - +3 hand axe (venom)
rCold   . . .      Faith    .    d - +0 buckler of Infinity {rPois Will+ Regen+}
rNeg    . . .      Spirit   .    K - +0 acid dragon scales
rPois   +          Reflect  +    w - +1 helmet
rElec   .          Harm     .    (no cloak)
rCorr   +          Rampage  .    (no gloves)
Will    ++...                    A - +0 pair of boots
Stlth   +                        H - amulet of reflection
HPRegen 1.12/turn                P - ring of magical power
MPRegen 0.22/turn                (no ring)

@: no status effects
A: high MP 1, forlorn, divine attributes
a: no special abilities


You were on level 11 of the Dungeon.
You visited 1 branch of the dungeon, and saw 13 of its levels.
You also visited: Sewer.

You collected 527 gold pieces.

Inventory:

Hand Weapons
 a - a +3 hand axe of venom (weapon)
 C - a +0 flail of electrocution
Missiles
 E - a throwing net
Armour
 d - the +0 buckler of Infinity (worn) {rPois Will+ Regen+}
   (You found it on level 4 of the Dungeon)

   rPois:     It protects you from poison.
   Regen:     It increases your rate of health regeneration.
   Will:      It increases your willpower.
 u - +1 ice dragon scales
 w - a +1 helmet (worn)
 A - a +0 pair of boots (worn)
 K - +0 acid dragon scales (worn)
Magical Staves
 I - a staff of cold
Jewellery
 G - a ring of positive energy
 H - an amulet of reflection (around neck)
 J - a ring of ice
 P - a ring of magical power (left hand)
 R - an amulet of regeneration
Scrolls
 b - a scroll of noise {unknown}
 f - 4 scrolls of teleportation
 g - 4 scrolls of fog
 h - 3 scrolls of butterflies
 i - 5 scrolls of amnesia
 j - a scroll of immolation
 k - 3 scrolls of poison
 m - 4 scrolls of enchant weapon
 q - 3 scrolls of enchant armour
 t - 3 scrolls of fear
 y - a scroll of vulnerability
 D - 2 scrolls of silence
 F - a scroll of blinking
Potions
 e - 6 potions of curing
 l - 2 potions of invisibility
 n - 2 potions of brilliance
 o - 4 potions of haste
 p - 2 potions of cancellation
 s - 5 potions of heal wounds
 x - a potion of lignification
 z - a potion of flight {unknown}
Miscellaneous
 c - a condenser vane (inert)


   Skills:
 - Level 2.0 Armour
 - Level 2.0 Dodging
 - Level 1.7 Stealth
 - Level 8.5 Shields
 - Level 5.0 Spellcasting
 - Level 10.0 Conjurations
 - Level 4.0 Translocations
 + Level 8.4 Ice Magic
 - Level 3.0 Air Magic
 - Level 2.0 Evocations


You had 8 spell levels left.
You knew the following spells:

 Your Spells              Type           Power      Damage    Failure   Level
a - Magic Dart            Conj           100%       1d8       1%          1
c - Freezing Cloud        Conj/Ice/Air   20%        6-21      22%         5
m - Iskenderun's Mystic   Conj/Tloc      39%        2d9       9%          4
z - Searing Ray           Conj           100%       2d8       1%          2

Your spell library contained the following spells:

 Spells                   Type           Power      Damage    Failure   Level
 Dazzling Flash           Conj/Hex       60%        N/A       5%          3
 Poisonous Vapours        Pois/Air       26%        N/A       12%         2
 Beastly Appendage        Tmut           12%        N/A       14%         1
 Sting                    Tmut/Pois      24%        1d4       14%         1
 Cigotuvi's Dreadful Rot  Necr/Pois/Air  20%        N/A       14%         2
 Fulminant Prism          Conj/Hex       15%        3d10      19%         4
 Dispel Undead            Necr           6%         3d8       82%         4
 Olgreb's Toxic Radiance  Pois           6%         N/A       82%         4
 Simulacrum               Ice/Necr       13%        N/A       99%         6
 Death Channel            Necr           3%         N/A       100%        6
 Malign Gateway           Summ/Tloc      7%         N/A       100%        7
 Summon Horrible Things   Summ           3%         N/A       100%        8
 Polar Vortex             Ice            23%        N/A       100%        9


Dungeon Overview and Level Annotations

Branches:
Dungeon (13/15)            Temple (0/1) D:7            Lair (0/5) D:9
    Orc (0/2) D:11          Sewer (visited)
 Vaults: D:13-14

Shops:
D:4 [

Annotations:
D:5 2 transporters, Leeroy's ghost, novice KoEn
D:13 Jorgrun


Innate Abilities, Weirdness & Mutations

You have an increased reservoir of magic. (+10% MP)
You shall have no god before yourself.
Your divine heritage dramatically boosts your attributes as you level up.


Message History

You see here a +0 plate armour of fire resistance.
You see here a +0 plate armour of fire resistance.
Found a falchion.
Found a stone staircase leading up.
A vampire comes into view.
A vampire is nearby!
The vampire casts a spell.
The vampire flickers and vanishes!
Deactivating autopickup; reactivate with Ctrl-A.
Aiming: Searing Ray (safe; 1% risk of failure)
Press: ? - help, Q - select action, (/) - cycle Shift-Dir - straight line The searing ray hits something! (Press . to maintain the ray.)
The searing ray hits something!
You finish channelling your searing ray.
You block something's attack. Something bites you!
Something draws strength from your injuries!
Aiming: Searing Ray (safe; 1% risk of failure)
Press: ? - help, Q - select action, (/) - cycle Shift-Dir - straight line (Press . to maintain the ray.)
Something draws life force from you! Something completely misses you. x2
The searing ray hits something!
Something hits you. Something bites you.
Something draws strength from your injuries!
The searing ray hits something but does no damage.
You finish channelling your searing ray.
Something draws life force from you!
Aiming: Searing Ray (safe; 1% risk of failure)
Press: ? - help, Q - select action, (/) - cycle Shift-Dir - straight line The searing ray hits something! (Press . to maintain the ray.)
Something draws life force from you! Something hits you. Something bites you.
* * * LOW HITPOINT WARNING * * *
Something draws strength from your injuries!
The searing ray hits something!
Something draws life force from you!!
* * * LOW HITPOINT WARNING * * *
You finish channelling your searing ray.
Something hits you!
You die...

.### ###
....###.###
....$.....#
#........# .
.#........# .
..........# #
.......@### #
..........# .
..........##
...........#
..........## ## .
..........###.##
.
...<.##..###...#
.
.....#....##...##
.
....##..........#


There were no monsters in sight!

Vanquished Creatures
  Erolcha (D:9)
  Fannar (D:10)
  A two-headed ogre (D:11)
  2 cyclopes
  An elephant (D:8)
  Joseph (D:10)
  A troll (D:12)
  Grinder (D:6)
  16 yaks
  2 wyverns
  A wraith (D:11)
  A basilisk (D:11)
  A human (D:6)
  3 vampire mosquitoes (D:11)
  2 steam dragons
  Grum (D:11)
  Menkaure (D:6)
  A water moccasin (D:5)
  An acid dragon (D:10)
  A black bear (D:9)
  5 orc warriors
  Pargi (Sewer)
  2 ice beasts
  2 sky beasts
  An ogre (D:5)
  4 centaurs
  4 wolves (D:11)
  A phantom (D:5)
  2 gnoll sergeants
  A kobold brigand (D:8)
  3 scorpions
  3 bullfrogs
  20 killer bees
  2 howler monkeys
  A crimson imp (D:7)
  5 jellies
  4 orc priests
  2 hounds
  2 gnoll boudas
  Jessica (D:3)
  Ijyb (D:2)
  2 iguanas (D:4)
  6 orc wizards
  11 gnolls
  8 adders
  A shadow imp (D:8)
  2 white imps
  4 worms
  4 dart slugs
  23 orcs
  14 endoplasms
  8 giant cockroaches
  9 goblins
  6 hobgoblins
  3 jackals (D:2)
  9 kobolds
  10 quokkas
  2 ball pythons
  8 bats
  12 frilled lizards
  A goblin zombie (D:6)
  7 rats
257 creatures vanquished.

Vanquished Creatures (collateral kills)
  An acid dragon (D:9)
  5 gnolls
  4 orcs
  A quokka (D:4)
11 creatures vanquished.

Vanquished Creatures (others)
  A gnoll (D:6)
1 creature vanquished.

Grand Total: 269 creatures vanquished

Notes
Turn   | Place    | Note
-------+----------+-------------------------------------------
     0 | D:1      | Armakuni the Demigod Conjurer began the quest for the Orb.
     0 | D:1      | Reached XP level 1. HP: 14/14 MP: 5/5
   411 | D:1      | Reached XP level 2. HP: 20/20 MP: 1/7
   414 | D:1      | Learned a level 2 spell: Searing Ray
   785 | D:1      | Reached skill level 4 in Conjurations
  1474 | D:2      | Reached XP level 3. HP: 26/26 MP: 3/9
  1976 | D:2      | Noticed Ijyb
  2052 | D:2      | Killed Ijyb
  2053 | D:2      | Reached skill level 1 in Evocations
  2053 | D:2      | Reached XP level 4. HP: 31/33 MP: 7/10
  3117 | D:3      | Noticed Jessica
  3120 | D:3      | Killed Jessica
  3272 | D:3      | Learned a level 4 spell: Iskenderun's Mystic Blast
  3544 | D:4      | Identified the +0 buckler of Infinity {rPois Will+ Regen+}
  3637 | D:4      | Identified the +0 robe "Wyed" {Harm rPois rC+ rN+}
  3649 | D:4      | Reached XP level 5. HP: 38/38 MP: 8/12
  3689 | D:4      | Reached skill level 1 in Shields
  4130 | D:4      | Found Bauhicel's Armour Shoppe.
  4200 | D:4      | Reached skill level 1 in Armour
  4296 | D:4      | Reached XP level 6. HP: 45/45 MP: 4/13
  4418 | D:4      | Found a large runed translucent door.
  4418 | D:4      | Found a large runed translucent door.
  4799 | D:4      | Reached skill level 5 in Conjurations
  4996 | D:5      | Entered Level 5 of the Dungeon
  5033 | D:5      | Found a transporter.
  5035 | D:5      | Noticed Leeroy's ghost (novice KoEn)
  5037 | D:5      | Found a transporter.
  5268 | D:5      | Noticed a water moccasin
  5280 | D:5      | Killed a water moccasin
  5281 | D:5      | Reached skill level 6 in Conjurations
  5281 | D:5      | Reached XP level 7. HP: 50/50 MP: 6/14
  5482 | D:5      | Reached skill level 7 in Conjurations
  5800 | D:6      | Noticed Menkaure
  5806 | D:6      | Killed Menkaure
  5876 | D:6      | Reached skill level 8 in Conjurations
  5894 | D:6      | Reached XP level 8. HP: 57/57 MP: 3/15
  5931 | D:6      | Noticed Grinder
  6087 | D:6      | Killed Grinder
  6088 | D:6      | Reached skill level 9 in Conjurations
  6236 | D:6      | Found a glowing drain.
  6252 | Sewer    | Entered a sewer
  6342 | Sewer    | Noticed Pargi
  6352 | Sewer    | Killed Pargi
  6673 | D:6      | Found a runed translucent door.
  6706 | D:6      | Reached skill level 10 in Conjurations
  6706 | D:6      | Reached skill level 1 in Translocations
  7152 | D:7      | Found a staircase to the Ecumenical Temple.
  7311 | D:7      | Got Sif Muna's Incunabulum of Metamorphosis
  7413 | D:7      | Learned a level 5 spell: Freezing Cloud
  7626 | D:7      | Reached XP level 9. HP: 46/62 MP: 7/17
  8385 | D:8      | Reached skill level 5 in Shields
  9694 | D:9      | Noticed Erolcha
  9700 | D:9      | Noticed an elephant
  9701 | D:9      | Killed Erolcha
  9702 | D:9      | Reached XP level 10. HP: 69/69 MP: 6/18
  9794 | D:8      | Killed an elephant
  9795 | D:8      | Reached skill level 1 in Ice Magic
  9795 | D:8      | Reached skill level 1 in Air Magic
 10037 | D:9      | Found a staircase to the Lair.
 10687 | D:10     | Entered Level 10 of the Dungeon
 11132 | D:10     | Reached skill level 5 in Spellcasting
 11204 | D:10     | Noticed Fannar
 11250 | D:10     | Killed Fannar
 11634 | D:10     | Noticed Joseph
 11649 | D:10     | Killed Joseph
 11650 | D:10     | Reached skill level 5 in Ice Magic
 12367 | D:11     | You fall into a shaft and drop 2 floors!
 12429 | D:13     | Noticed Jorgrun
 12508 | D:12     | Noticed a cyclops
 12509 | D:12     | Killed a cyclops
 12604 | D:11     | Reached XP level 11. HP: 46/74 MP: 18/22
 12778 | D:11     | Noticed Grum
 12789 | D:11     | Killed Grum
 13015 | D:11     | Found a staircase to the Orcish Mines.
 13015 | D:11     | Noticed a two-headed ogre
 13029 | D:11     | Killed a two-headed ogre
 13280 | D:11     | HP: 2/74 [something (21)]
 13281 | D:11     | Mangled by a vampire

Illustrated notes

Levels and vault maps discovered:
D:1:      wheals_arrival_linesprint, layout_basic
D:2:      kennysheep_the_goblin_king, layout_rooms, basic_altar
D:3:      layout_basic, uniq_jessica
D:4:      layout_rooms, mainiacjoe_overflow_24_doors, minitemple,
          jmf_multi_god_temple2, serial_shops, kennysheep_mini_moat,
          corexii_hall_statues_s, minmay_vboxes
D:5:      layout_basic, gammafunk_ghost_arena, palyth_stone_intersect
D:6:      layout_cave_pools, dk_yredelemnul_ordeal, dk_xom_monty_hall,
          amethyst_overflow_temple_binary, cheibrodos_sewer_entry_bend,
          uniq_menkaure, uniq_grinder
D:7:      layout_basic, grunt_temple_overflow_magic_moments,
          makhleb_grotto_becter, temple_statues
D:8:      layout_rooms, fedhas_altar_fruit_tree,
          nicolae_concentric_dashed_squares_mild, minivault_11
D:9:      layout_layer_cave, david_lair_generic, uniq_erolcha
D:10:     layout_basic, nemelex_diamond_rough_becter, uniq_joseph, uniq_fannar
D:11:     layout_cave_pools, david_orc_2, uniq_grum
D:12:     layout_roguey, ebering_dispersal_statue_hall
D:13:     layout_basic, portal_ice_cave_entry_imps,
          minmay_misc_feat_more_columns, uniq_jorgrun, uniq_nessos

Skill      XL: |  1  2  3  4  5  6  7  8  9 10 11 |
---------------+----------------------------------+-----
Spellcasting   | 2 3 5 |  5.0
Conjurations   | 4 6 8 10 | 10.0
Evocations     | 1 2 |  2.0
Shields        | 2 8 |  8.5
Dodging        | 2 |  2.0
Armour         | 2 |  2.0
Translocations | 4 |  4.0
Ice Magic      | 5 8 |  8.4
Air Magic      | 3 |  3.0
Stealth        | |  1.7

Action                   |  1- 3 |  4- 6 |  7- 9 | 10-12 || total
-------------------------+-------+-------+-------+-------++-------
Melee: Whip              |     6 |    15 |       |       ||    21
       Mace              |       |     5 |       |       ||     5
       Hand axe          |       |       |    95 |    48 ||   143
 Cast: Magic Dart        |    17 |       |       |       ||    17
       Searing Ray       |    31 |    56 |    59 |    47 ||   193
       Iskenderun's Myst |       |       |     2 |    12 ||    14
Evoke: Wand              |       |     4 |    13 |     2 ||    19
       Condenser vane    |       |       |       |     1 ||     1
  Use: Potion            |     1 |       |       |       ||     1
       Scroll            |       |     4 |     7 |    13 ||    24
 Stab: Sleeping          |       |       |     1 |       ||     1
Armor: Robe              |     4 |    16 |       |       ||    20
       Leather armour    |       |     2 |    24 |       ||    26
       Steam dragon scal |       |       |    26 |    20 ||    46
       Acid dragon scale |       |       |       |    34 ||    34
Dodge: Dodged            |    15 |    55 |    68 |    87 ||   225
Block: Buckler           |       |    16 |    96 |   108 ||   220
       Reflection        |       |       |     5 |     9 ||    14

Table legend: (Time is in decaauts)
 A = Elapsed time spent in this place.
 B = Non-inter-level travel time spent in this place.
 C = Inter-level travel time spent in this place.
 D = Time resting spent in this place.
 E = Time spent auto-exploring this place.
 F = Levels seen in this place.
 G = Mean time per level.
                   A        B        C        D        E       F      G
               +--------+--------+--------+--------+--------+-----+--------+
         Total |  13362 |  13144 |    218 |   2901 |   7376 |  14 |  954.4 |
       Dungeon |  13104 |  12886 |    218 |   2812 |   7371 |  13 | 1008.0 |
         Sewer |    257 |    257 |      0 |     89 |      5 |   1 |  257.0 |
               +--------+--------+--------+--------+--------+-----+--------+

Top non-repeatable levels by time:
    D:10: 1747 daAuts
     D:4: 1504 daAuts
     D:1: 1368 daAuts
     D:8: 1289 daAuts
     D:9: 1285 daAuts
     D:6: 1133 daAuts
     D:3: 1096 daAuts
     D:2: 1029 daAuts
     D:7: 985 daAuts
     D:5: 804 daAuts
    D:11: 628 daAuts
   Sewer: 257 daAuts
    D:12: 166 daAuts
    D:13: 64 daAuts
